 Dungeon Crawl Stone Soup version 0.27-a0-216-g1fbed8a51c (webtiles) character file.

Game seed: 12937715251250734484

9767 schets the Grappler (level 11, -9/165 HPs)
             Began as a Troll Monk on Jan 31, 2021.
             Mangled by a 14-headed hydra (13 damage)
             ... on level 4 of the Lair of Beasts.
             The game lasted 00:23:55 (9131 turns).

schets the Grappler (Troll Monk)                    Turns: 9131, Time: 00:23:56

Health: -9/165     AC: 10    Str: 24    XL:     11   Next: 27%
Magic:  10/10      EV: 13    Int:  6    God:
Gold:   487        SH: 13    Dex: 12    Spells: 10/10 levels left

rFire    . . .     SeeInvis .     - Unarmed
rCold    . . .     Faith    .   f - -2 kite shield
rNeg     . . .     Spirit   .   M - +0 steam dragon scales
rPois    .         Reflect  +   (helmet restricted)
rElec    .         Harm     .   q - +0 cloak
rCorr    .         Rampage  .   (gloves unavailable)
Will     +....                  (boots unavailable)
Stlth    ..........             K - amulet of reflection (curse)
HPRegen  0.77/turn              g - ring of willpower
MPRegen  0.12/turn              (no ring)

@: berserking (expiring), very quick
A: large, unfitting armour, claws 3, regeneration 1, shaggy fur 1, tough skin 3
a: no special abilities


You were on level 4 of the Lair of Beasts.
You visited 2 branches of the dungeon, and saw 12 of its levels.

You collected 487 gold pieces.

Inventory:

Missiles
 c - 5 silver boomerangs
 i - 11 poisoned darts
 l - 6 large rocks (quivered)
 r - 2 javelins
 t - a throwing net
 F - 13 boomerangs
Armour
 a - a +0 robe
 f - a -2 kite shield (worn)
 q - a +0 cloak (worn)
 M - +0 steam dragon scales (worn)
Jewellery
 d - an uncursed amulet of guardian spirit
 g - a ring of willpower (left claw)
 B - an uncursed ring of ice
 K - a cursed amulet of reflection (around neck)
Wands
 h - a wand of random effects (10)
 o - a wand of acid (14)
 D - a wand of iceblast (9)
 H - a wand of digging (9)
 I - a wand of flame (8)
 J - a wand of mindburst (2)
Scrolls
 e - 3 scrolls of immolation
 n - 2 scrolls of enchant armour
 s - 4 scrolls of teleportation
 u - 2 scrolls of fear {unknown}
 v - a scroll of amnesia {unknown}
 w - a scroll of magic mapping {unknown}
 y - 2 scrolls of remove curse
 A - a scroll of enchant weapon {unknown}
 E - 2 scrolls of random uselessness {unknown}
Potions
 b - a potion of heal wounds {unknown}
 j - a potion of curing
 k - a potion of mutation {unknown}
 m - a potion of berserk rage
 p - 4 potions of attraction
 x - a potion of ambrosia {unknown}
 z - a potion of cancellation {unknown}
 C - a potion of haste {unknown}
 G - 5 potions of lignification
 L - a potion of flight {unknown}


   Skills:
 + Level 7.7 Fighting
 - Level 5.0 Throwing
 + Level 7.5 Dodging
 - Level 1.0 Stealth
 + Level 6.8 Shields
 - Level 9.1 Unarmed Combat


You had 10 spell levels left.
You didn't know any spells.
Your spell library contained the following spells:

 Spells                   Type           Power        Failure   Level
 Corona                   Hex            0%           61%         1
 Freeze                   Ice            0%           61%         1
 Shock                    Conj/Air       0%           61%         1
 Ensorcelled Hibernation  Hex/Ice        0%           75%         2
 Swiftness                Air            0%           75%         2
 Confusing Touch          Hex            0%           93%         3
 Dazzling Flash           Conj/Hex       0%           93%         3
 Frozen Ramparts          Ice            0%           93%         3
 Ozocubu's Armour         Ice            0%           93%         3
 Static Discharge         Conj/Air       0%           93%         3
 Tukima's Dance           Hex            0%           93%         3
 Airstrike                Air            0%           100%        4
 Hailstorm                Conj/Ice       0%           100%        4
 Summon Ice Beast         Ice/Summ       0%           100%        4
 Lightning Bolt           Conj/Air       0%           100%        5


Dungeon Overview and Level Annotations

Branches:
Dungeon (8/15)             Temple (0/1) D:6            Lair (4/6) D:8
  Swamp: Lair:2-4    Shoals: Lair:2-4     Snake: Lair:2-4    Spider: Lair:2-4

Altars:
Ashenzari
Cheibriados
Dithmenos
Fedhas
Gozag
Hepliaklqana
Makhleb
Nemelex Xobeh
Okawaru
Qazlal
Ru
Trog
Wu Jian
The Shining One

Shops:
D:5 *(


Innate Abilities, Weirdness & Mutations

You are too large for most types of armour.
You have claws for hands.
Your natural rate of healing is unusually fast.
You are covered in fur. (AC +1)
You have extremely tough skin. (AC +3)


Message History

* * * LOW HITPOINT WARNING * * *
The 13-headed hydra bites you.
* * * LOW HITPOINT WARNING * * *
You claw one of the 13-headed hydra's heads off!
The 12-headed hydra grows two more!
You claw the 14-headed hydra!
The 14-headed hydra is severely wounded.
The 14-headed hydra bites you!
* * * LOW HITPOINT WARNING * * *
The 14-headed hydra bites you!
* * * LOW HITPOINT WARNING * * *
You block the 14-headed hydra's attack.
The 14-headed hydra bites you but does no damage.
You block the 14-headed hydra's attack.
The 14-headed hydra bites you but does no damage.
You block the 14-headed hydra's attack. The 14-headed hydra bites you!
* * * LOW HITPOINT WARNING * * *
The 14-headed hydra misses you. The 14-headed hydra bites you!
* * * LOW HITPOINT WARNING * * *
The 14-headed hydra bites you!
You die...

#########
.########.#.#.#.########
.......@D.(.............
.#######......#.#...#...
#P......###.###...
#.......##...#....
##......##[.......
#.......##........
#.......##...#..D.
.#......##...##...
.......+...#....


You could see a 14-headed hydra.

Vanquished Creatures
  A hydra (Lair:1)
  3 two-headed ogres
  Joseph (D:7)
  Maggie (D:7)
  2 komodo dragons
  7 yaks
  A basilisk (Lair:1)
  Duvessa (D:7)
  5 water moccasins
  A sky beast (D:8)
  6 black bears
  6 ice beasts
  2 orc warriors
  4 ogres
  6 centaurs
  9 bullfrogs
  5 wights (D:7)
  Dowan (D:7)
  6 killer bees (D:8)
  A bullfrog skeleton (D:7)
  2 jellies
  Crazy Yiuf (D:3)
  8 hounds
  Natasha (thrice) (D:3)
  An iguana (D:5)
  4 worker ants
  2 orc wizards
  A hound zombie (D:7)
  A howler monkey zombie (D:6)
  2 worker ant zombies
  8 gnolls
  2 howler monkey skeletons (D:7)
  13 adders
  3 shadow imps
  2 ufetubi
  2 oozes (D:2)
  2 adder zombies
  5 worms
  5 dart slugs
  5 leopard geckos
  22 orcs
  2 ball pythons
  5 giant cockroaches
  2 goblins
  7 hobgoblins
  14 jackals
  6 kobolds
  2 quokkas
  11 bats
  6 frilled lizards
  A quokka skeleton (D:5)
  8 rats
  3 bushes (D:4)
230 creatures vanquished.

Vanquished Creatures (others)
  A goblin (D:1)
  A bush (Lair:2)
  61 fungi
  51 plants
114 creatures vanquished.

Grand Total: 344 creatures vanquished

Notes
Turn   | Place    | Note
-------+----------+-------------------------------------------
     0 | D:1      | schets the Troll Monk began the quest for the Orb.
     0 | D:1      | Reached XP level 1. HP: 22/22 MP: 0/0
    76 | D:1      | Reached XP level 2. HP: 29/29 MP: 1/1
   485 | D:1      | Reached XP level 3. HP: 37/37 MP: 2/2
   576 | D:2      | Found an opulent altar of Gozag.
   579 | D:2      | Found a blossoming altar of Fedhas.
   613 | D:2      | Found a bloodstained altar of Trog.
   748 | D:2      | Found a broken altar of Ashenzari.
   821 | D:2      | Reached skill level 4 in Unarmed Combat
   860 | D:2      | Reached XP level 4. HP: 45/45 MP: 3/3
  1768 | D:3      | Found a sparkling altar of Nemelex Xobeh.
  1905 | D:3      | Found a snail-covered altar of Cheibriados.
  2061 | D:3      | You fall into a shaft and drop 1 floor!
  2156 | D:3      | Noticed Natasha
  2163 | D:3      | Killed Natasha
  2163 | D:3      | Noticed Natasha
  2164 | D:3      | Reached XP level 5. HP: 46/53 MP: 2/4
  2170 | D:3      | Found a runed translucent door.
  2171 | D:3      | Noticed Crazy Yiuf
  2178 | D:3      | Killed Natasha
  2310 | D:3      | Noticed Natasha
  2315 | D:3      | Killed Natasha
  2346 | D:3      | Found a burning altar of Makhleb.
  2351 | D:3      | Reached skill level 5 in Unarmed Combat
  2470 | D:3      | Reached skill level 1 in Shields
  2948 | D:3      | Killed Crazy Yiuf
  2949 | D:3      | Reached XP level 6. HP: 62/62 MP: 5/5
  3454 | D:4      | Found a shadowy altar of Dithmenos.
  3614 | D:4      | Found a hazy altar of Hepliaklqana.
  3852 | D:5      | Entered Level 5 of the Dungeon
  3856 | D:5      | Reached XP level 7. HP: 67/70 MP: 6/6
  3904 | D:5      | Reached skill level 6 in Unarmed Combat
  4136 | D:5      | Noticed a two-headed ogre
  4141 | D:5      | Killed a two-headed ogre
  4142 | D:5      | Reached skill level 7 in Unarmed Combat
  4142 | D:5      | Reached XP level 8. HP: 36/79 MP: 2/7
  4236 | D:5      | Found Gavved's Weapon Emporium.
  4277 | D:5      | Found Mewuh's Assorted Antiques.
  4495 | D:5      | Reached skill level 5 in Fighting
  4678 | D:5      | Reached skill level 8 in Unarmed Combat
  4951 | D:6      | Reached XP level 9. HP: 88/88 MP: 8/8
  5022 | D:6      | Reached skill level 5 in Dodging
  5196 | D:6      | Found a staircase to the Ecumenical Temple.
  5360 | D:6      | Reached skill level 9 in Unarmed Combat
  5429 | D:6      | Found a sacrificial altar of Ru.
  5583 | D:6      | Found an iron altar of Okawaru.
  5862 | D:7      | Reached skill level 1 in Throwing
  5998 | D:7      | Noticed Dowan
  6000 | D:7      | Noticed Duvessa
  6007 | D:7      | Killed Dowan
  6217 | D:7      | Noticed a two-headed ogre
  6226 | D:7      | Killed a two-headed ogre
  6238 | D:7      | Reached XP level 10. HP: 37/98 MP: 4/9
  6423 | D:7      | Found an ornate altar of the Wu Jian Council.
  6484 | D:7      | Found a snail-covered altar of Cheibriados.
  6663 | D:7      | Killed Duvessa
  6664 | D:7      | Reached skill level 5 in Shields
  6788 | D:7      | Noticed Joseph
  6790 | D:7      | Noticed Maggie
  6799 | D:7      | Killed Joseph
  6801 | D:7      | Killed Maggie
  7273 | D:8      | Found a glowing golden altar of the Shining One.
  7325 | D:8      | Noticed a two-headed ogre
  7343 | D:8      | Killed a two-headed ogre
  7606 | D:8      | Reached skill level 5 in Throwing
  7696 | D:8      | Found a staircase to the Lair.
  8099 | D:8      | Found a stormy altar of Qazlal.
  8363 | Lair:1   | Entered Level 1 of the Lair of Beasts
  8363 | Lair:1   | Noticed a four-headed hydra
  8382 | Lair:1   | Killed a six-headed hydra
  8383 | Lair:1   | Reached XP level 11. HP: 16/109 MP: 10/10
  8746 | Lair:1   | Noticed a catoblepas
  8777 | Lair:2   | Noticed a seven-headed hydra
  9019 | Lair:4   | Noticed a seven-headed hydra
  9131 | Lair:4   | HP: 4/165 [14-headed hydra (8)]
  9131 | Lair:4   | Mangled by a 14-headed hydra

Illustrated notes

Levels and vault maps discovered:
D:1:      doesnt_arrival_eight_statues, layout_basic
D:2:      layout_basic, marbit_many_paths, fedhas_altar_3,
          nicolae_ashenzari_panopticon, lemuel_crystal_altar
D:3:      layout_loops_ring, nicolae_overflow_crystal_walls,
          cheibriados_altar_1, makhleb_blood_cavern_becter,
          cheibrodos_sewer_entry_bend, uniq_crazy_yiuf_cottage, uniq_natasha
D:4:      layout_rooms, nzn_hepliaklqana_mist_gate, lemuel_round_altar,
          serial_forest, infiniplex_forest_clump_double,
          infiniplex_forest_end_2, infiniplex_forest_fountain,
          infiniplex_forest_lined_room_2, infiniplex_forest_lined_3
D:5:      black_bear_nest_2, layout_loops_ring, serial_shops,
          nicolae_shop_statue_plus, nicolae_shop_overgrown_old_shop,
          minmay_increasing_density
D:6:      layout_cave_pools, nicolae_ru_sacrificial_ziggurat,
          minmay_temple_entry_overgrown, okawaru_ov_weapons_minmay
D:7:      layout_rooms, lemuel_round_altar, basic_altar, uniq_maggie,
          uniq_joseph, uniq_duvessa
D:8:      layout_basic, kennysheep_mini, due_lair_maze_entry_diamond,
          amcnicky_mini_rare_corridor_liquid, tso_metal_star
Lair:1:   layout_cave_pods, infiniplex_staircase_pool_2
Lair:2:   layout_layer_cave, minmay_snake_entry_six_corridors,
          minmay_hedge_maze, minivault_23
Lair:3:   layout_loops_ring, palyth_hydra_swamp_entry
Lair:4:   layout_regular_city, ebering_ghost_reflecting_pool,
          eino_small_chamber_without_monster

Skill      XL: |  1  2  3  4  5  6  7  8  9 10 |
---------------+-------------------------------+-----
Fighting       | 3 4 5 6 7 |  7.7
Unarmed Combat | 4 5 7 8 9 |  9.1
Dodging        | 3 4 5 7 |  7.5
Shields        | 1 3 4 6 |  6.8
Throwing       | 3 5 |  5.0
Stealth        | |  1.0

Action                   |  1- 3 |  4- 6 |  7- 9 | 10-12 || total
-------------------------+-------+-------+-------+-------++-------
Melee: Unarmed           |   101 |   234 |   198 |   261 ||   794
       Punch             |     1 |     1 |       |       ||     2
Throw: Boomerang         |       |     3 |     4 |     4 ||    11
       Large rock        |       |       |     2 |    11 ||    13
Evoke: Wand              |       |       |     6 |    10 ||    16
  Use: Scroll            |       |     5 |     2 |     9 ||    16
       Potion            |       |       |       |     2 ||     2
 Stab: Sleeping          |     1 |     6 |     3 |     2 ||    12
Armor: Robe              |    49 |    51 |    53 |     7 ||   160
       Steam dragon scal |       |       |       |    80 ||    80
Dodge: Dodged            |    51 |    71 |    85 |   145 ||   352
Block: Kite shield       |       |    21 |    89 |   219 ||   329
       Reflection        |       |       |       |     3 ||     3

Table legend: (Time is in decaauts)
 A = Elapsed time spent in this place.
 B = Non-inter-level travel time spent in this place.
 C = Inter-level travel time spent in this place.
 D = Time resting spent in this place.
 E = Time spent auto-exploring this place.
 F = Levels seen in this place.
 G = Mean time per level.
                   A        B        C        D        E       F      G
               +--------+--------+--------+--------+--------+-----+--------+
         Total |   9163 |   8679 |    484 |   1833 |   4654 |  12 |  763.6 |
       Dungeon |   8393 |   7916 |    477 |   1564 |   4478 |   8 | 1049.1 |
          Lair |    770 |    763 |      7 |    269 |    175 |   4 |  192.5 |
               +--------+--------+--------+--------+--------+-----+--------+

Top non-repeatable levels by time:
     D:3: 1403 daAuts
     D:8: 1329 daAuts
     D:7: 1231 daAuts
     D:2: 1136 daAuts
     D:5: 1086 daAuts
     D:6: 862 daAuts
     D:4: 772 daAuts
     D:1: 570 daAuts
  Lair:1: 398 daAuts
  Lair:4: 259 daAuts
  Lair:2: 67 daAuts
  Lair:3: 45 daAuts
